 Dungeon Crawl Stone Soup version 0.28-a0-1444-g6c55d0bc0c (webtiles) character file.

Game seed: 5988039377397474365

4613 Deminshera the Summoner (level 10, -16/93 HPs)
             Began as an Ogre Summoner on Jan 10, 2022.
             Was a Believer of Hepliaklqana.
             Demolished by a skeletal warrior (26 damage)
             ... on level 7 of the Dungeon.
             The game lasted 00:12:20 (10973 turns).

Deminshera the Summoner (Ogre Summoner)            Turns: 10973, Time: 00:12:20

Health: -16/93     AC:  5    Str: 14    XL:     10   Next: 42%
Magic:  13/20      EV: 14    Int: 20    God:    Hepliaklqana [**....]
Gold:   223        SH:  0    Dex:  9    Spells: 13/23 levels left

rFire   + . .      SeeInvis .   B - +2 spear (pain)
rCold   . . .      Faith    .   (no shield)
rNeg    . . .      Spirit   .   a - +0 robe
rPois   .          Reflect  .   (helmet restricted)
rElec   .          Harm     .   D - +1 cloak
rCorr   .          Rampage  .   (gloves unavailable)
Will    +....                   (boots unavailable)
Stlth   +.........              (no amulet)
HPRegen 0.25/turn               e - ring of protection from fire
MPRegen 0.17/turn               x - +4 ring of evasion

@: very slightly contaminated, slowed, studying Armour, very slow
A: reduced essence, large, unfitting armour, tough skin 1
a: Renounce Religion, Recall Ancestor, Ancestor Identity


You were on level 7 of the Dungeon.
You worshipped Hepliaklqana.
Hepliaklqana was pleased with you.
You visited 1 branch of the dungeon, and saw 7 of its levels.
You also visited: Bailey.

You collected 323 gold pieces.
You spent 100 gold pieces at shops.

Inventory:

Hand Weapons
 B - a +2 spear of pain (weapon)
Armour
 a - a +0 robe (worn)
 C - a +0 kite shield
 D - a +1 cloak (worn)
Jewellery
 e - a ring of protection from fire (left hand)
 o - a ring of resist corrosion
 q - a ring of protection from fire
 w - a +4 ring of evasion
 x - a +4 ring of evasion (right hand)
Wands
 g - a wand of polymorph (7)
 n - a wand of flame (20)
Scrolls
 f - 2 scrolls of amnesia
 h - a scroll of torment
 i - 4 scrolls of identify
 j - a scroll of blinking {unknown}
 m - 4 scrolls of enchant weapon
 p - 3 scrolls of noise
Potions
 b - a potion of magic {unknown}
 c - 2 potions of ambrosia {unknown}
 d - a potion of might
 k - a potion of brilliance {unknown}
 l - 2 potions of curing
 r - a potion of cancellation {unknown}
 s - 4 potions of flight
 z - a potion of haste {unknown}
 A - a potion of invisibility {unknown}


   Skills:
 - Level 8.0 Fighting
 + Level 2.3 Armour
 - Level 5.0 Dodging
 - Level 1.4 Stealth
 + Level 1.7 Shields
 + Level 7.3 Spellcasting
 + Level 8.7 Summonings
 - Level 4.0 Air Magic
 + Level 3.9 Invocations


You had 13 spell levels left.
You knew the following spells:

 Your Spells              Type           Power      Damage    Failure   Level
a - Summon Small Mammal   Summ           100%       N/A       1%          1
b - Call Imp              Summ           42%        N/A       1%          2
c - Call Canine Familiar  Summ           42%        N/A       1%          3
d - Summon Lightning Spi  Summ/Air       32%        N/A       7%          4

Your spell library contained the following spells:

 Spells                   Type           Power      Damage    Failure   Level
 Summon Guardian Golem    Hex/Summ       24%        N/A       4%          3
 Freeze                   Ice            28%        1d5       10%         1
 Slow                     Hex            28%        N/A       10%         1
 Blink                    Tloc           14%        N/A       14%         2
 Confusing Touch          Hex            7%         N/A       28%         3
 Frozen Ramparts          Ice            14%        1d3       28%         3
 Lesser Beckoning         Tloc           7%         N/A       28%         3
 Vampiric Draining        Necr           7%         2d6       28%         3
 Hailstorm                Conj/Ice       7%         3d4       67%         4
 Manifold Assault         Tloc           7%         N/A       95%         5


Dungeon Overview and Level Annotations

Branches:
Dungeon (7/15)             Temple (0/1) D:4          Bailey (visited)

Altars:
Hepliaklqana
Zin

Shops:
D:4 !   D:7 *


Innate Abilities, Weirdness & Mutations

Your life essence is reduced to manifest your ancestor. (-10% HP)
You are too large for most types of armour.
You have tough skin. (AC +1)


Message History

Numeria barely misses the wraith.
The wraith hits you but does no damage.
Numeria closely misses the wraith.
You hit the wraith but do no damage.
The wraith is lightly damaged.
The wraith closely misses you.
Numeria hits the wraith with a +0 quarterstaff!
The wraith barely misses Numeria.
Numeria points at the wraith and mumbles some strange words.
The puff of frost hits the wraith.
The wraith resists.
A wraith is nearby!
You strike the helpless wraith from behind!
You hit the wraith but do no damage.
The wraith is severely damaged.
The wraith hits you! The wraith drains your vigour!
You feel as though you will be slow longer.
Numeria hits the wraith with a +0 quarterstaff!
The wraith is destroyed!
A skeletal warrior comes into view. It is wielding a +0 trident.
The skeletal warrior hits you from afar with a +0 trident!
Numeria hits the skeletal warrior with a +0 quarterstaff.
The skeletal warrior closely misses Numeria.
Numeria hits the skeletal warrior with a +0 quarterstaff!
The skeletal warrior hits you from afar with a +0 trident!
The skeletal warrior barely misses you.
Casting: Call Canine Familiar (safe; 1% risk of failure)
Confirm with . or Enter, or press ? or * to list all spells.
You miscast Summon Lightning Spire.
You are very lightly contaminated with residual magic.
Nothing appears to happen.
The skeletal warrior barely misses you.
The skeletal warrior hits you from afar with a +0 trident!!
* * * LOW HITPOINT WARNING * * *
Numeria completely misses the skeletal warrior.
The skeletal warrior hits you from afar with a +0 trident!
* * * LOW HITPOINT WARNING * * *
Casting: Summon Lightning Spire (dangerous; 7% risk of failure)
Confirm with . or Enter, or press ? or * to list all spells.
An electric hum fills the air.
Numeria closely misses the skeletal warrior.
The skeletal warrior hits you from afar with a +0 trident!!
You die...

#.#.....'.......#
###.#######.......#
#.....# #.......#
#.#.#.#####.......#
###.#.............###
#.....#h###########
#.###.#..RR).......
#.###8#############
#...@.......
#.z#######.#
#R.#..##.# #..#....#
#...#.##.# #..##z#
#..#.## #..#R.#
#..##.z#


You could see the friendly Numeria the battlemage, a skeletal warrior (ally
target) and a friendly lightning spire (summoned).

Vanquished Creatures
  The ghost of anet the Skirmisher, a novice HOCj of Beogh (D:6)
  An ice beast (D:5)
  A centaur (D:7)
  A phantom (D:6)
  A jelly (D:5)
  A nameless horror (D:7)
  A bullfrog zombie (D:6)
  An orc priest (D:7)
  Ijyb (D:3)
  3 gnolls
  An ufetubus (D:5)
  A dart slug (D:4)
  3 orcs
  2 bats (D:1)
  6 endoplasms
  2 giant cockroaches (D:1)
  A goblin (D:4)
  2 hobgoblins (D:1)
  2 jackals (D:2)
  A quokka (D:3)
  3 ball pythons
  3 frilled lizards
39 creatures vanquished.

Vanquished Creatures (collateral kills)
  The ghost of Viceroy the Cleaver, a novice FoFi (D:4)
  Prince Ribbit (D:6)
  Grinder (D:3)
  Sigmund (D:2)
  2 wraiths (D:7)
  Eustachio (D:6)
  Edmund (D:4)
  A sky beast (D:6)
  2 ice beasts
  A necrophage (D:5)
  7 ogres
  2 scorpions (D:4)
  3 gnoll sergeants (D:6)
  A water moccasin skeleton (D:5)
  A howler monkey (D:4)
  An orc priest (D:6)
  3 jellies
  4 hounds
  2 gnoll shamans
  A bullfrog skeleton (D:6)
  An iguana (D:5)
  Jessica (D:2)
  2 centaur skeletons
  5 orc wizards
  Natasha (thrice) (D:3)
  A hound zombie (D:5)
  8 adders
  9 gnolls
  A white imp (D:6)
  An ufetubus (D:7)
  A worm (D:4)
  3 dart slugs (D:4)
  6 orcs
  A ball python (D:4)
  5 bats
  2 endoplasms
  2 giant cockroaches
  2 goblins
  A hobgoblin (D:1)
  2 jackals (D:4)
  A kobold (D:3)
  A quokka (D:2)
  2 frilled lizards (D:1)
  A rat (D:1)
99 creatures vanquished.

Vanquished Creatures (others)
  2 battlemagi
  An ancestor (D:5)
  6 fungi (D:4)
  6 plants (D:6)
  A withered plant (D:1)
16 creatures vanquished.

Grand Total: 154 creatures vanquished

Notes
Turn   | Place    | Note
-------+----------+-------------------------------------------
     0 | D:1      | Deminshera the Ogre Summoner began the quest for the Orb.
     0 | D:1      | Reached XP level 1. HP: 16/16 MP: 3/3
    20 | D:1      | Noticed a minotaur skeleton
   185 | D:1      | Found a faded altar of an unknown god.
   752 | D:1      | Reached XP level 2. HP: 24/24 MP: 5/5
   780 | D:1      | Learned a level 2 spell: Call Imp
  1533 | D:2      | Noticed Jessica
  1542 | D:2      | Killed Jessica
  1543 | D:2      | Reached XP level 3. HP: 31/31 MP: 4/8
  1560 | D:2      | Reached XP level 4. HP: 16/39 MP: 3/9
  1925 | D:2      | Learned a level 3 spell: Call Canine Familiar
  1930 | D:2      | Learned a level 4 spell: Summon Lightning Spire
  2339 | D:2      | Reached XP level 5. HP: 42/45 MP: 5/11
  2735 | D:2      | Reached skill level 1 in Air Magic
  2837 | D:2      | Noticed Sigmund
  2849 | D:2      | Killed Sigmund
  2850 | D:2      | Reached skill level 5 in Summonings
  2850 | D:2      | Reached XP level 6. HP: 47/53 MP: 7/13
  3173 | D:3      | Noticed Ijyb
  3196 | D:3      | Killed Ijyb
  3264 | D:3      | Noticed Grinder
  3280 | D:3      | Paralysed by Grinder for 4 turns
  3290 | D:3      | Paralysed by Grinder for 6 turns
  3290 | D:3      | Killed Grinder
  3291 | D:3      | Reached skill level 5 in Spellcasting
  3291 | D:3      | Reached XP level 7. HP: 8/59 MP: 6/15
  3978 | D:3      | Found a glowing silver altar of Zin.
  4046 | D:3      | Noticed Natasha
  4061 | D:3      | Killed Natasha
  4379 | D:3      | Noticed Natasha
  4387 | D:3      | Killed Natasha
  4590 | D:3      | Noticed Natasha
  4598 | D:3      | Killed Natasha
  4686 | D:3      | Found a hazy altar of Hepliaklqana.
  4692 | D:3      | Became a worshipper of Hepliaklqana the Forgotten
  5279 | D:4      | Noticed Edmund
  5294 | D:4      | Killed Edmund
  5295 | D:4      | Reached XP level 8. HP: 34/67 MP: 3/17
  5923 | D:4      | Found Alehub's Distillery.
  5931 | D:4      | Bought a potion of might for 40 gold pieces
  5931 | D:4      | Bought a potion of curing for 30 gold pieces
  5931 | D:4      | Bought a potion of flight for 30 gold pieces
  6532 | D:4      | Found a runed translucent gate.
  6532 | D:4      | Found a runed translucent gate.
  6534 | D:4      | Found a runed translucent gate.
  6536 | D:4      | Noticed Viceroy's ghost (novice FoFi)
  6554 | D:4      | Killed Viceroy's ghost
  6811 | D:4      | Found a staircase to the Ecumenical Temple.
  6901 | D:5      | Entered Level 5 of the Dungeon
  6917 | D:5      | Identified the +3 rapier "Newtslayer" {vorpal, rElec Dex+3}
  7170 | D:5      | Found Saoddog's Antique Weapon Boutique.
  7265 | D:5      | Reached * piety under Hepliaklqana
  7475 | D:5      | Reached XP level 9. HP: 73/78 MP: 14/18
  7478 | D:5      | Reached skill level 5 in Fighting
  8460 | D:6      | Noticed Prince Ribbit
  8479 | D:6      | Killed Prince Ribbit
  8489 | D:6      | Noticed Eustachio
  8512 | D:6      | Killed Eustachio
  8730 | D:6      | Found a transporter.
  8809 | D:6      | Found a transporter.
  8859 | D:6      | Reached ** piety under Hepliaklqana
  8860 | D:6      | Remembered your ancestor Numeria as a battlemage
  9239 | D:6      | Reached skill level 5 in Dodging
  9244 | D:6      | Reached skill level 1 in Invocations
  9330 | D:6      | Noticed anet's ghost (novice HOCj)
  9355 | D:6      | Killed anet's ghost
  9356 | D:6      | Reached XP level 10. HP: 60/93 MP: 14/20
  9918 | D:7      | Found a flagged portal.
  9966 | Bailey   | Entered a bailey
  9982 | Bailey   | Reached skill level 1 in Armour
  9985 | Bailey   | Reached skill level 1 in Shields
 10318 | D:7      | Found Enuohath's Assorted Antiques.
 10961 | D:7      | Noticed a skeletal warrior
 10973 | D:7      | Demolished by a skeletal warrior

Illustrated notes

Levels and vault maps discovered:
D:1:      shiori_arrival_whats_in_store_for_you, layout_rooms,
          ebering_ecumenical_altar_petrified, feat_on_display
D:2:      layout_basic, uniq_jessica, uniq_sigmund
D:3:      layout_loops_ring, nzn_hepliaklqana_mist_gate, old_standard_altar,
          amcnicky_mini_pool_small, uniq_ijyb, uniq_grinder, uniq_natasha
D:4:      layout_rooms, minmay_temple_entry_glassed_door,
          ebering_ghost_rock_garden, serial_aquarium, aquarium_bridge_square
          [aquarium_subvault_bridge, aquarium_subvault_wall,
          aquarium_subvault_bridge, aquarium_subvault_window],
          aquarium_window_fake, aquarium_window_1, aquarium_view_2e,
          aquarium_pool_four, serial_shops, shop, uniq_edmund
D:5:      layout_loops_corners, serial_shops, shop, minmay_misc_feat_encased,
          hangedman_decor_diamond_cutter
D:6:      layout_cave_pools, gammafunk_ghost_gnarly_gnolls,
          grunt_decor_junction, minmay_misc_feat_nine_boxes,
          uniq_prince_ribbit1, uniq_eustachio
D:7:      layout_basic, serial_shops, nicolae_take_the_stairs, enter_bailey_2,
          hangedman_decor_opposing, minmay_guarded_unrand_finisher

Skill      XL: |  1  2  3  4  5  6  7  8  9 10 |
---------------+-------------------------------+-----
Dodging        | 2 5 |  5.0
Spellcasting   | 3 4 5 6 7 |  7.3
Summonings     | 4 5 6 8 |  8.7
Air Magic      | 2 4 |  4.0
Fighting       | 4 8 |  8.0
Invocations    | 3 |  3.9
Armour         | 2 |  2.3
Shields        | 1 |  1.7
Stealth        | |  1.4

Action                   |  1- 3 |  4- 6 |  7- 9 | 10-12 || total
-------------------------+-------+-------+-------+-------++-------
Melee: Unarmed           |    12 |       |       |       ||    12
       Dagger            |    54 |     2 |       |       ||    56
       Punch             |     1 |       |     4 |       ||     5
       Spear             |       |    51 |   101 |    49 ||   201
       Rapier            |       |       |    66 |       ||    66
 Cast: Summon Small Mamm |     7 |       |     4 |       ||    11
       Call Imp          |     9 |    12 |    22 |       ||    43
       Call Canine Famil |       |    12 |    26 |     1 ||    39
       Summon Lightning  |       |       |     9 |     2 ||    11
Invok: Recall Ancestor   |       |       |     1 |       ||     1
       Ancestor Life: Ba |       |       |     1 |       ||     1
  Use: Potion            |       |       |     2 |     4 ||     6
       Scroll            |       |       |     1 |     7 ||     8
 Stab: Sleeping          |     1 |       |     2 |       ||     3
       Distracted        |       |     1 |     1 |     1 ||     3
       Invisible         |       |       |     1 |       ||     1
Armor: Robe              |    24 |    14 |    39 |    17 ||    94
Dodge: Dodged            |    43 |    22 |   109 |    41 ||   215

Table legend: (Time is in decaauts)
 A = Elapsed time spent in this place.
 B = Non-inter-level travel time spent in this place.
 C = Inter-level travel time spent in this place.
 D = Time resting spent in this place.
 E = Time spent auto-exploring this place.
 F = Levels seen in this place.
 G = Mean time per level.
                   A        B        C        D        E       F      G
               +--------+--------+--------+--------+--------+-----+--------+
         Total |  11021 |  10642 |    379 |   4124 |   5261 |   8 | 1377.6 |
       Dungeon |  10982 |  10603 |    379 |   4124 |   5255 |   7 | 1568.9 |
        Bailey |     39 |     39 |      0 |      0 |      5 |   1 |   39.0 |
               +--------+--------+--------+--------+--------+-----+--------+

Top non-repeatable levels by time:
     D:4: 2172 daAuts
     D:3: 1620 daAuts
     D:6: 1605 daAuts
     D:2: 1604 daAuts
     D:1: 1516 daAuts
     D:5: 1456 daAuts
     D:7: 1008 daAuts
  Bailey: 39 daAuts
